 Dungeon Crawl Stone Soup version 0.30-a0-373-gd37427bb62 (webtiles) character file.

Game seed: 3614953766996340415

59 qeuew the Shield-Bearer (level 4, -8/37 HPs)
             Began as a Formicid Fighter on Nov 24, 2022.
             Mangled by a black bear (9 damage)
             ... on level 2 of the Dungeon.
             The game lasted 00:01:26 (1163 turns).

qeuew the Shield-Bearer (Formicid Fighter)          Turns: 1163, Time: 00:01:26

Health: -8/37      AC:  7    Str: 23    XL:     4   Next: 22%
Magic:  4/4        EV: 10    Int:  7    God:
Gold:   82         SH:  6    Dex: 19    Spells: 3/3 levels left

rFire   . . .      SeeInvis +    a - +0 war axe
rCold   . . .      Faith    .    c - +0 buckler
rNeg    . . .      Spirit   .    b - +0 scale mail
rPois   .          Reflect  .    (helmet unavailable)
rElec   .          Harm     .    (no cloak)
rCorr   .          Rampage  .    (no gloves)
Will    .....                    (no boots)
Stlth   ..........               (no amulet)
HPRegen 0.26/turn                g - +6 ring of dexterity
MPRegen 0.09/turn                (no ring)

@: no status effects
A: permanent stasis, dig shafts and tunnels, antennae 3, four strong arms
a: Dig, Shaft Self


You were on level 2 of the Dungeon.
You visited 1 branch of the dungeon, and saw 2 of its levels.

You collected 82 gold pieces.

Inventory:

Hand Weapons
 a - a +0 war axe (weapon)
Armour
 b - a +0 scale mail (worn)
 c - a +0 buckler (worn)
Jewellery
 g - a +6 ring of dexterity (left hand)
Scrolls
 f - a scroll of amnesia {unknown}
Potions
 d - a potion of might
 e - a potion of ambrosia {unknown}
 h - a potion of magic
 n - a potion of invisibility


   Skills:
 * Level 3.7 Fighting
 * Level 2.6 Axes
 * Level 3.8 Armour
 + Level 0.7 Dodging
 * Level 4.6 Shields


You had 3 spell levels left.
You didn't know any spells.
Your spell library was empty.

Dungeon Overview and Level Annotations

Branches:
Dungeon (2/15)

Altars:


Innate Abilities, Weirdness & Mutations

You cannot be hasted, slowed, berserked, paralysed or teleported.
You can dig through walls and to a lower floor.
You have a pair of large antennae on your head. (SInv)
Your four strong arms can wield two-handed weapons with a shield.


Message History

You hit the black bear.
The black bear is heavily wounded.
The black bear bites you but does no damage.
The black bear completely misses you.
The black bear claws you but does no damage.
The black bear barely misses you.
The black bear claws you but does no damage.
You block the black bear's attack.
You barely miss the black bear.
The black bear is heavily wounded.
The black bear bites you. The black bear claws you.
The black bear claws you but does no damage.
You barely miss the black bear.
The black bear is heavily wounded.
The black bear bites you.
The black bear claws you but does no damage. x2
The black bear bites you but does no damage.
The black bear claws you. The black bear barely misses you.
You hit the black bear but do no damage.
The black bear is heavily wounded.
The black bear bites you. The black bear claws you.
The black bear closely misses you.
You slash the black bear!
The black bear is severely wounded.
The black bear goes berserk!
You hit the black bear.
The black bear is severely wounded.
You block the black bear's attack. The black bear claws you.
The black bear claws you but does no damage.
The black bear bites you.
* * * LOW HITPOINT WARNING * * *
The black bear claws you but does no damage. x2
You barely miss the black bear.
The black bear is severely wounded.
The black bear bites you!
* * * LOW HITPOINT WARNING * * *
You block the black bear's attack.
The black bear claws you but does no damage.
The black bear bites you!
You die...

### #####. ######.#
.!.... #...#..# ...<.#
.##...#..##......
................#
................#
......h@........#
......#...####### ###
..... #.#.# #... ....
...#.# #....
......###.# .....
..#...###.##### .....
..... .
............#####.....
....
#..####.###......#....
... . #.####..........


You could see a black bear (berserk).

Vanquished Creatures
  An iguana (D:2)
  A worm (D:2)
  A dart slug (D:1)
  2 giant cockroaches (D:1)
  2 goblins
  3 hobgoblins
  A quokka (D:1)
  3 ball pythons
  5 bats
  6 kobolds
  2 rats (D:1)
27 creatures vanquished.

Notes
Turn   | Place    | Note
-------+----------+-------------------------------------------
     0 | D:1      | qeuew the Formicid Fighter began the quest for the Orb.
     0 | D:1      | Reached XP level 1. HP: 18/18 MP: 1/1
   275 | D:1      | Reached XP level 2. HP: 24/24 MP: 2/2
   581 | D:1      | Reached XP level 3. HP: 29/29 MP: 3/3
   901 | D:2      | Reached XP level 4. HP: 11/37 MP: 4/4
  1151 | D:2      | Noticed a black bear
  1163 | D:2      | HP: 1/37 [black bear (11)]
  1163 | D:2      | Mangled by a black bear

Illustrated notes

Levels and vault maps discovered:
D:1:      heliophobic_arrival_glass_houses, layout_basic
D:2:      layout_rooms, basic_altar

Action                   |  1- 3 |  4- 6 || total
-------------------------+-------+-------++-------
Melee: War axe           |    44 |    37 ||    81
  Use: Potion            |     6 |       ||     6
       Scroll            |     3 |       ||     3
Armor: Scale mail        |    24 |    28 ||    52
Dodge: Dodged            |    25 |    22 ||    47
Block: Buckler           |    22 |    16 ||    38

Table legend: (Time is in decaauts)
 A = Elapsed time spent in this place.
 B = Non-inter-level travel time spent in this place.
 C = Inter-level travel time spent in this place.
 D = Time resting spent in this place.
 E = Time spent auto-exploring this place.
 F = Levels seen in this place.
 G = Mean time per level.
                   A        B        C        D        E       F      G
               +--------+--------+--------+--------+--------+-----+--------+
         Total |   1195 |   1159 |     36 |     29 |    909 |   2 |  597.5 |
       Dungeon |   1195 |   1159 |     36 |     29 |    909 |   2 |  597.5 |
               +--------+--------+--------+--------+--------+-----+--------+

Top non-repeatable levels by time:
     D:1: 884 daAuts
     D:2: 310 daAuts
